 Dungeon Crawl Stone Soup version 0.32-a0-35-gd9ff480968 (webtiles) character file.

Game seed: 1828202854980209189

683193 Bnni the Lord of Darkness (level 26, -3/190 HPs)
             Began as a Demonspawn Necromancer on Jan 17, 2024.
             Was the Champion of Kikubaaqudgha.
             Slain by a searing wretch (5 damage)
             ... on level 4 of Gehenna on Jan 22, 2024.
             The game lasted 04:31:28 (48671 turns).

Bnni the Lord of Darkness (Demonspawn Necromancer) Turns: 48671, Time: 04:31:28

Health: -3/190     AC: 11    Str:  5 (10) XL:     26   Next: 54%
Magic:  21/44      EV: 26    Int: 26      God:    Kikubaaqudgha [******]
Gold:   12714      SH: 17    Dex: 19      Spells: 0/59 levels left

rFire   + + +        q - +8 demon trident (spect)
rCold   . . .        D - +2 kite shield {rF+}
rNeg    + + +        l - +0 leather armour of Zin {rPois rF+ rN+ Slay+5}
rPois   +            L - +2 hood of the Assassin {Detect Stab+ Stlth++}
rElec   +            S - scarf {rC+ rF+}
rCorr   +            (gloves unavailable)
SInv    .            W - +1 pair of boots of Mysticism {+Inv rElec rCorr}
Will    ++...        U - amulet of Vitality {RegenMP++ Regen++}
Stlth   ++++++++     o - ring of Goenax {rF+ EV+5}
HPRegen 2.11/turn    e - ring of the Lost Souls {Fire rN++ rCorr Dex+5}
MPRegen 1.09/turn

%: no passive effects
@: death channelling, on death's door cooldown, very slightly contaminated,
studying Shapeshifting, unable to read
A: claws 3, yellow scales 3, icemail 2, powered by pain 3, torment resistance 1,
condensation shield, demonic willpower
}: 5/15 runes: decaying, slimy, silver, abyssal, gossamer
a: Renounce Religion, Evoke Invisibility, Unearth Wretches, Torment


You were on level 4 of Gehenna.
You worshipped Kikubaaqudgha.
Kikubaaqudgha was exalted by your worship.
You visited 13 branches of the dungeon, and saw 56 of its levels.
You visited the Abyss 1 time.
You also visited: Trove, Gauntlet and Ice Cave.

You collected 13210 gold pieces.
You spent 496 gold pieces at shops.

Inventory:

Hand Weapons
 j - a +4 demon trident of electrocution
 q - a +8 spectral demon trident (weapon)
Missiles
 X - 4 curare-tipped darts
Armour
 k - the +2 pair of slick slippers {slick, slippery, EV+4}
   (You found it on level 3 of the Crypt)

   Slick:     Its wearer cannot be constricted, engulfed, netted or webbed.
   Slippery:  Its wearer slips away from damaging melee attacks, pulling the
   attacker onward.
   EV+4:      It affects your evasion (+4).
 l - the +0 leather armour of Zin (worn) {rPois rF+ rN+ Slay+5}
   (You found it on level 2 of the Dungeon)

   Slay+5:    It affects your accuracy & damage with ranged weapons and melee
   (+5).
   rF+:       It protects you from fire.
   rPois:     It protects you from poison rN+: It protects you from negative
   energy.
 v - the +2 robe "Xyatilar" {rC+ rN+ Archmagi}
   (You found it on level 3 of the Depths)

   rC+:       It protects you from cold.
   rN+:       It protects you from negative energy.
   Archmagi:  It increases the power of your magical spells.
 D - a +2 kite shield of fire resistance (worn)
 L - the +2 hood of the Assassin (worn) {Detect Stab+ Stlth++}
   (You found it on level 8 of the Dungeon)

   Detect:    It allows the wearer to sense nearby creatures.
   Stab+:     It allows the wearer to make particularly effective stabbing
   attacks against helpless or unaware enemies with any weapon.
   Stlth++:   It makes you much more stealthy.
 Q - a +0 tower shield
 S - a scarf of resistance (worn)
 W - the +1 pair of boots of Mysticism (worn) {+Inv rElec rCorr}
   (You found it on level 3 of the Elven Halls)

   rElec:     It insulates you from electricity.
   +Inv:      It lets you turn invisible.
   rCorr:     It protects you from acid and corrosion.
Jewellery
 e - the ring of the Lost Souls (right claw) {Fire rN++ rCorr Dex+5}
   (You found it on level 1 of the Depths)

   [ring of fire]

   Fire:      It enhances your fire magic.
   Dex+5:     It affects your dexterity (+5).
   rF+:       It protects you from fire.
   rC-:       It makes you vulnerable to cold.
   rN++:      It greatly protects you from negative energy.
   rCorr:     It protects you from acid and corrosion.
 f - a ring of protection from cold
 o - the ring of Goenax (left claw) {rF+ EV+5}
   (You took it off an ironbound convoker on level 5 of the Vaults)

   [ring of evasion]

   EV+5:      It affects your evasion (+5).
   rF+:       It protects you from fire.
 t - the ring of Qironucs {AC+4 Int+3 SInv}
   (You found it on level 4 of the Dungeon)

   [ring of protection]

   AC+4:      It affects your AC (+4).
   Int+3:     It affects your intelligence (+3).
   SInv:      It lets you see invisible.
 J - the ring "Ridgh" {rN+ rCorr Dex+3}
   (You found it on level 5 of the Pits of Slime)

   [ring of positive energy]

   Dex+3:     It affects your dexterity (+3).
   rN+:       It protects you from negative energy.
   rCorr:     It protects you from acid and corrosion.
 P - the ring "Xeavuifa" {rF+ Int+4}
   (You found it on level 3 of the Elven Halls)

   [ring of protection from fire]

   Int+4:     It affects your intelligence (+4).
   rF+:       It protects you from fire.
 T - the ring "Xopedwuc" {rC+ rCorr}
   (You found it in a Gauntlet)

   [ring of resist corrosion]

   rC+:       It protects you from cold.
   rCorr:     It protects you from acid and corrosion.
 U - the amulet of Vitality (around neck) {RegenMP++ Regen++}
   (You found it on level 10 of the Dungeon)

   [amulet of magic regeneration]

   RegenMP:   It increases your rate of magic regeneration.
   Regen++:   It increases your rate of health regeneration.
Wands
 m - a wand of digging (45)
 K - a wand of quicksilver (61)
 V - a wand of roots (49)
Scrolls
 c - 22 scrolls of teleportation
 d - 5 scrolls of fog
 h - 3 scrolls of butterflies
 i - a scroll of amnesia
 r - 9 scrolls of poison
 u - 11 scrolls of immolation
 x - 6 scrolls of fear
 y - 10 scrolls of revelation
 G - 8 scrolls of enchant armour
 I - 5 scrolls of silence
 O - 11 scrolls of blinking
Potions
 a - 7 potions of brilliance
 b - 5 potions of magic
 g - 18 potions of mutation
 n - 10 potions of heal wounds
 p - 3 potions of curing
 s - 4 potions of resistance
 w - 2 potions of invisibility
 z - 3 potions of cancellation
 A - 9 potions of attraction
 B - 10 potions of haste
 C - 7 potions of enlightenment
 F - 2 potions of berserk rage
 M - 10 potions of might
 N - 5 potions of ambrosia
Miscellaneous
 E - a phial of floods
 Z - a phantom mirror


   Skills:
 + Level 19.1 Fighting
 + Level 14.3 Polearms
 - Level 4.0 Armour
 + Level 17.7 Dodging
 * Level 13.9 Stealth
 * Level 16.8 Shields
 + Level 17.2 Spellcasting
 - Level 10.0 Summonings
 O Level 27 Necromancy
 * Level 3.1 Translocations
 - Level 3.0 Earth Magic


You couldn't memorise any spells.
You knew the following spells:

 Your Spells              Type           Power      Damage    Failure   Level
a - Infestation           Necr           52%        N/A       1%          8
b - Blink                 Tloc           76%        N/A       3%          2
c - Haunt                 Necr/Summ      43%        N/A       4%          7
e - Death Channel         Necr           52%        N/A       1%          6
f - Manifold Assault      Tloc           38%        N/A       26%         4
h - Borgnjor's Vile Clut  Necr/Erth      39%        N/A       1%          5
s - Sublimation of Blood  Necr           100%       N/A       0%          2
u - Dispel Undead         Necr           100%       3d31      0%          4
v - Borgnjor's Revivific  Necr           52%        N/A       1%          8
w - Fugue of the Fallen   Necr           100%       N/A       0%          3
x - Death's Door          Necr           52%        N/A       14%         9
z - Apportation           Tloc           76%        N/A       2%          1

Your spell library contained the following spells:

 Spells                   Type           Power      Damage    Failure   Level
 Necrotise                Necr           100%       1d9       0%          1
 Vampiric Draining        Necr           100%       2d13      0%          3
 Animate Dead             Necr           100%       N/A       0%          4
 Curse of Agony           Necr           100%       N/A       0%          5
 Kiss of Death            Conj/Necr      100%       2d13      1%          1
 Summon Small Mammal      Summ           100%       N/A       1%          1
 Call Imp                 Summ           100%       N/A       1%          2
 Cigotuvi's Dreadful Rot  Necr/Alch/Air  100%       N/A       1%          2
 Call Canine Familiar     Summ           65%        N/A       1%          3
 Anguish                  Hex/Necr       37%        N/A       1%          4
 Sandblast                Erth           76%        2d16      2%          1
 Summon Ice Beast         Ice/Summ       48%        N/A       3%          3
 Animate Armour           Summ/Erth      100%       N/A       6%          4
 Gell's Gravitas          Tloc           38%        N/A       8%          3
 Teleport Other           Tloc           38%        N/A       8%          3
 Passwall                 Erth           38%        N/A       9%          3
 Foxfire                  Conj/Fire      100%       2x1d9     10%         1
 Freeze                   Ice            88%        1d9       10%         1
 Magic Dart               Conj           88%        1d7       10%         1
 Sting                    Conj/Alch      88%        1d8       10%         1
 Summon Blazeheart Golem  Fire/Summ      64%        N/A       12%         4
 Summon Lightning Spire   Summ/Air       48%        N/A       12%         4
 Ensorcelled Hibernation  Hex/Ice        44%        N/A       14%         2
 Mercury Vapours          Alch/Air       44%        N/A       14%         2
 Searing Ray              Conj           44%        2d6       14%         2
 Volatile Blastmotes      Fire/Tloc      90%        2d17      14%         3
 Stone Arrow              Conj/Erth      60%        3d10      16%         3
 Passage of Golubria      Tloc           38%        N/A       26%         4
 Frozen Ramparts          Ice            44%        1d7       28%         3
 Ozocubu's Armour         Ice            22%        N/A       28%         3
 Sigil of Binding         Hex            22%        N/A       28%         3
 Swiftness                Air            22%        N/A       28%         3
 Tukima's Dance           Hex            22%        N/A       28%         3
 Dimensional Bullseye     Hex/Tloc       15%        N/A       43%         4
 Iskenderun's Mystic Bla  Conj/Tloc      30%        2d8       43%         4
 Vhi's Electric Charge    Tloc/Air       60%        N/A       43%         4
 Brom's Barrelling Bould  Conj/Erth      30%        2d5       45%         4
 Leda's Liquefaction      Alch/Erth      15%        N/A       45%         4
 Petrify                  Alch/Erth      30%        N/A       45%         4
 Lee's Rapid Deconstruct  Erth           19%        3d11*     58%         5
 Cause Fear               Hex            11%        N/A       67%         4
 Fulminant Prism          Conj/Alch      11%        3d9       67%         4
 Ignite Poison            Fire/Alch      33%        N/A       67%         4
 Olgreb's Toxic Radiance  Alch           22%        N/A       67%         4
 Sticky Flame             Fire/Alch      33%        2d7       67%         4
 Summon Hydra             Summ           32%        N/A       78%         7
 Arcjolt                  Conj/Air       11%        1d21      95%         5
 Fireball                 Conj/Fire      16%        3d8       95%         5
 Freezing Cloud           Conj/Ice/Air   11%        6-21      95%         5
 Irradiate                Conj/Alch      11%        3d15      95%         5
 Iskenderun's Battlesphe  Conj           22%        2d8       95%         5
 Metabolic Englaciation   Hex/Ice        11%        N/A       95%         5
 Yara's Violent Unravell  Hex/Alch       11%        3d6       95%         5
 Dispersal                Tloc           19%        N/A       98%         6
 Bombard                  Conj/Erth      15%        9d3       100%        6
 Conjure Ball Lightning   Conj/Air       11%        3x3d6     100%        6
 Enfeeble                 Hex            11%        N/A       100%        7
 Orb of Destruction       Conj           11%        9d6       100%        7
 Spellforged Servitor     Conj/Summ      24%        N/A       100%        7
 Discord                  Hex            11%        N/A       100%        8
 Disjunction              Tloc           19%        N/A       100%        8
 Maxwell's Capacitive Co  Air            11%        ∞         100%        8
 Dragon's Call            Summ           32%        N/A       100%        9
 Shatter                  Erth           19%        3d17*     100%        9


Dungeon Overview and Level Annotations

Branches:
Dungeon (15/15)            Temple (1/1) D:5            Lair (5/5) D:10
  Swamp (4/4) Lair:2       Spider (4/4) Lair:3        Slime (5/5) Lair:4
    Orc (2/2) D:9             Elf (3/3) Orc:2        Vaults (5/5) D:14
  Crypt (3/3) Vaults:2       Tomb (0/3) Crypt:3      Depths (4/4) D:15
   Hell (visited)             Dis (0/7) Hell            Geh (3/7) Hell
    Coc (0/7) Hell            Tar (0/7) Hell            Zot (0/5) Depths:4
  IceCv (visited)         Gauntlet (visited)

Altars:
Ashenzari
Cheibriados
Dithmenos
Fedhas
Gozag
Hepliaklqana
Kikubaaqudgha
Makhleb
Nemelex Xobeh
Okawaru
Qazlal
Ru
Sif Muna
Trog
Uskayaw
Vehumet
Wu Jian
Xom
Yredelemnul
Jiyva
Lugonu

Shops:
D:6 (   D:10 (   Orc:1 :   Orc:2 ([??   Elf:1 *   Elf:3 =   Vaults:3 *
Vaults:4 [   Vaults:5 *=

Portals:
Hell: Depths:1 Depths:2 Depths:3 Depths:4
Abyss: Lair:5 Depths:3 Depths:4
Pandemonium: Depths:2
Ziggurat: Depths:3

Annotations:
D:7 exclusion: ice statue
D:11 exclusion: obsidian statue
D:12 3 runed translucent doors, lis82's ghost, journeyman DgIE
Elf:2 3 runed translucent doors


Innate Abilities, Weirdness & Mutations

You have claws for hands.
You are completely covered in yellow scales. (AC +4, rCorr)
A meltable icy envelope protects you from harm. (AC +0)
You are powered by pain.
You are resistant to unholy torment.
A meltable shield of frost defends you. (SH +0)
You punish those that try to bend your will. (Will+)


Message History

Casting: Borgnjor's Vile Clutch (mildly dangerous; 1% risk of failure)
Confirm with . or Enter, or press ? or * to list all spells.
Aiming: Haunt (dangerous; 4% risk of failure)
Press: ? - help, Dir - move target, f - hell hog
Aim: a hell hog (heavily wounded, slow, constricted by zombie hands, ally target) Insubstantial figures form in the air.
Your +8 spectral demon trident disappears.
Your life is in your own claws again!
The zombie hands constrict the hell hog.
The zombie hands constrict the balrug!
The zombie hands constrict the searing wretch.
Something bites your wraith. The searing wretch barely misses you.
The searing wretch completely misses you.
The balrug hits your wraith with a +2 demon whip of electrocution!
Your wraith is engulfed in flames!!
Your wraith is destroyed!
Your wraith disappears in a puff of smoke!
The hell hog breathes fire at you.
The fireball explodes!
The fireball engulfs your spectral fire giant!!
Your spectral fire giant is destroyed!
The fireball engulfs your phantasmal warrior.
The fireball engulfs the hell hog.
The hell hog completely resists.
The fireball engulfs your spectral hellephant!!
The fireball engulfs you. You resist.
* * * LOW HITPOINT WARNING * * *
Unknown command.
Unknown command.
You feel much better.
The zombie hands constrict the hell hog!
The zombie hands constrict the balrug!
You kill the balrug!
Kikubaaqudgha accepts your kill.
The zombie hands constrict the searing wretch!
The searing wretch claws you!!
* * * LOW HITPOINT WARNING * * *
You focus on the pain.
You feel your power returning.
You are engulfed in flames.
You resist.
You die...
Kikubaaqudgha rasps: "You have failed me!
Welcome... death!"

........#
........',
....^...##{
.........##{
≈..)..)){{#
.....W.h.##
......Wh##
#≈......##
##^..W.Z@#
+...####n#
#.## { #..,
#.# #... .
..... ≈≈≈.
§§§ §≈§


You could see a searing wretch (clutched), 2 hell hogs, a friendly shadow wraith
(summoned, invisible), a friendly phantasmal warrior (summoned), a friendly
freezing wraith (summoned) and a friendly spectral hellephant.

Vanquished Creatures
  the Royal Jelly (Slime:5)
  A dread lich (Vaults:5)
  Frederick (Crypt:2)
  A juggernaut (Depths:4)
  Vv (Crypt:2)
  Boris (twice) (Vaults:4 Crypt:2)
  Jory (Vaults:4)
  Arachne (Spider:2)
  6 golden dragons
  A profane servitor (Abyss:3)
  A hellephant (Hell)
  A Tzitzimitl (Crypt:2)
  Mlioglotl (Spider:2)
  2 doom hounds (Crypt:2)
  6 tentacled monstrosities
  4 liches
  Zenata (Elf:2)
  Asterion (Spider:2)
  4 quicksilver dragons
  A walking divine tome (Depths:2)
  A titan (Vaults:5)
  A walking earthen tome (Depths:2)
  2 searing wretches
  2 walking frostbound tomes
  Grunn (Crypt:2)
  2 deep elf blademasters
  4 ancient champions
  2 tentacled starspawn (Abyss:3)
  6 acid blobs (Slime:5)
  3 sphinxes
  5 tengu reavers
  Frances (Elf:1)
  7 shadow dragons
  2 storm dragons
  4 draconian monks (Depths:4)
  16 fire giants
  A draconian knight (Depths:4)
  7 rockslimes
  11 azure jellies
  A draconian shifter (Abyss:3)
  4 deep elf sorcerers
  9 frost giants
  3 balrugs
  5 emperor scorpions
  3 iron dragons
  A cacodemon (Depths:2)
  A juggernaut zombie (Crypt:3)
  9 vault wardens
  3 ghost moths
  A draconian annihilator (Depths:4)
  4 orc warlords
  A shard shrike simulacrum (Hell)
  18 ironbound preservers
  2 reapers
  An angel (Depths:3)
  The ghost of Agayghopp the Eclecticist, an adept DECj of Sif Muna (Depths:1)
  4 ironbound thunderhulks
  7 quicksilver oozes (Slime:5)
  2 broodmothers (Spider:4)
  2 spriggan defenders (Depths:2)
  10 stone giants
  6 ghouls
  2 formless jellyfish (Slime:5)
  16 very ugly things
  5 vampire knights
  2 green draconians (Depths:4)
  A putrid mouth (Crypt:2)
  5 deep elf demonologists
  Nessos (D:12)
  5 deep elf death magi
  7 purple draconians (Depths:4)
  2 eleionomae (Swamp:2)
  4 war gargoyles
  A minotaur (Gauntlet)
  A bunyip (Swamp:2)
  2 black draconians
  A deep elf annihilator (Vaults:5)
  5 white draconians (Depths:4)
  6 dire elephants
  2 spark wasps
  The ghost of niknal the Fencer, a journeyman TeWr of Fedhas (D:14)
  An eidolon (Crypt:2)
  A red draconian (Depths:4)
  3 iron golems (Hell)
  9 ettins
  7 jiangshi
  8 fire dragons
  2 entropy weavers (Vaults:3)
  2 shambling mangroves
  11 yaktaur captains
  11 great orbs of eyes
  5 rakshasas
  A deep elf high priest (Vaults:3)
  5 ice dragons
  2 stokers (Geh:3)
  8 hydras
  An ogre mage (D:14)
  15 vault guards
  2 jorogumos
  A ghost crab (Swamp:3)
  4 centaur warriors
  5 alligators
  A caustic shrike simulacrum (Depths:1)
  2 radroaches
  A spriggan air mage (Swamp:4)
  A salamander tyrant (Geh:1)
  4 ironbound frosthearts
  2 merfolk aquamancers (D:12)
  A catoblepas (D:14)
  A death knight (D:13)
  12 dancing weapons
  2 hell beasts
  7 two-headed ogres
  2 boulder beetles
  2 deep troll shamans
  3 death yaks (Lair:2)
  2 deep troll earth magi
  3 orc high priests
  11 hell hogs
  4 tengu warriors
  2 occultists
  6 vampire magi
  The ghost of Roihizits the Shooter, a novice DsWn of Vehumet (Lair:1)
  9 sun demons
  4 thrashing horrors
  2 demonic crawlers (Spider:2)
  6 deep elf knights
  7 spriggan berserkers
  5 soul eaters
  5 hell knights
  A skyshark (shapeshifter) (Vaults:4)
  A skyshark (Lair:5)
  A spectral spark wasp (Depths:1)
  2 iron trolls
  3 death drakes
  2 golden dragon zombies (Crypt:3)
  19 skeletal warriors
  2 sixfirhies
  23 deep trolls
  An anaconda zombie (Hell)
  4 pharaoh ants
  3 spriggan druids
  3 large abominations
  3 arcanists
  5 goliath frogs
  An orb spider (Spider:3)
  6 deep elf archers
  6 swamp dragons
  An iron giant zombie (Crypt:1)
  4 glowing orange brains
  9 phantasmal warriors
  A bog body (Swamp:2)
  A harpy (D:14)
  A shadow dragon zombie (Crypt:3)
  2 alligator zombies
  A broodmother zombie (Crypt:1)
  12 ironbound convokers
  An anaconda skeleton (Crypt:3)
  2 flayed ghosts
  A spectral hydra (Swamp:4)
  6 steelbarb worms
  7 lindwurms
  6 necromancers
  3 starcursed masses (Abyss:3)
  13 deep elf zephyrmancers
  13 ugly things
  2 harpies (shapeshifter)
  9 orc knights
  21 deep elf pyromancers
  5 orc sorcerers (Orc:2)
  3 worldbinders (Abyss:3)
  4 cyclopes
  A fire giant zombie (Hell)
  A manticore (D:15)
  8 wolf spiders
  Maurice (D:10)
  A salamander (Depths:4)
  A will-o-the-wisp (Swamp:2)
  A jorogumo skeleton (Crypt:2)
  A faun (shapeshifter) (Vaults:5)
  A mana viper (shapeshifter) (Depths:4)
  A moth of wrath (Spider:4)
  2 shining eyes (Slime:5)
  A moth of wrath (shapeshifter) (Vaults:5)
  A kobold blastminer (Orc:2)
  A torpor snail (Lair:1)
  6 vault sentinels
  6 elephants
  2 ice statues (IceCv)
  3 black mambas
  A centaur zombie (D:15)
  A water nymph (shapeshifter) (Depths:2)
  2 water nymphs
  A shock serpent skeleton (Crypt:1)
  A smoke demon (Lair:5)
  A spriggan zombie (Hell)
  7 cane toads
  A catoblepas zombie (Hell)
  2 unseen horrors (D:12)
  2 rust devils (Hell)
  An efreet (D:14)
  4 kobold demonologists
  An unseen horror (shapeshifter) (Vaults:5)
  A cane toad (shapeshifter) (D:14)
  23 yaktaurs
  2 minotaur zombies (Gauntlet)
  3 rime drakes
  Maggie (D:7)
  A spark wasp simulacrum (Depths:1)
  A sea snake zombie (Hell)
  2 tormentors
  2 anaconda simulacra
  8 komodo dragons
  Psyche (D:12)
  5 freezing wraiths
  6 ice devils
  A harpy zombie (Crypt:1)
  An iron troll skeleton (Crypt:1)
  3 tengu conjurers
  5 guardian mummies (Crypt:3)
  A hydra zombie (Swamp:4)
  A human skeleton (Vaults:2)
  2 trolls
  A nameless horror (Vaults:4)
  A harpy skeleton (Crypt:2)
  6 saltlings (Orc:2)
  4 tarantellas
  5 blink frogs
  3 polar bears
  3 raiju (Abyss:3)
  5 tyrant leeches
  9 hornets
  A culicivora zombie (Crypt:3)
  Prince Ribbit (D:9)
  4 dream sheep (Lair:4)
  5 glass eyes
  25 slime creatures
  12 culicivoras
  A spriggan (shapeshifter) (D:10)
  25 yaks
  A ynoxinul (Abyss:3)
  14 jumping spiders
  6 spriggans
  A shadow (D:11)
  6 wraiths
  6 vampires
  3 wyverns
  An ettin skeleton (Vaults:2)
  2 fire elementals (Elf:2)
  A water elemental (Elf:2)
  4 dire elephant simulacra (IceCv)
  2 basilisks
  2 hogs (Elf:1)
  A fire bat (Abyss:3)
  2 golden eyes (Slime:5)
  A steam dragon (D:9)
  A hog (shapeshifter) (Vaults:5)
  3 wargs
  4 vampire mosquitoes
  A death yak simulacrum (IceCv)
  Menkaure (D:6)
  2 harpy simulacra (IceCv)
  11 swamp worms
  Edmund (D:4)
  24 redbacks
  6 small abominations (Lair:5)
  2 naga zombies
  An acid dragon (D:11)
  9 water moccasins
  A chaos spawn (Lair:5)
  A water nymph zombie (Crypt:1)
  A glowing shapeshifter skeleton (Vaults:2)
  4 hydra simulacra
  Duvessa (D:5)
  3 hell hounds
  A black bear (D:6)
  A sky beast (D:8)
  5 swamp drakes
  16 orc warriors
  8 ogres
  A black mamba simulacrum (Crypt:1)
  9 centaurs
  A snapping turtle skeleton (Crypt:3)
  4 wolves
  3 phantoms
  4 kobold brigands
  3 weeping skulls (Abyss:3)
  Blork the orc (D:5)
  A brain worm (Abyss:3)
  10 bullfrogs
  A necrophage (Crypt:3)
  An earth elemental (Elf:2)
  2 gnoll sergeants
  A two-headed ogre simulacrum (IceCv)
  4 scorpions
  12 wights
  Dowan (D:5)
  20 killer bees
  3 electric eels
  A howler monkey (D:14)
  3 bombardier beetles
  A quasit (Abyss:3)
  2 jellies
  2 hounds
  9 iguanas
  10 orc priests
  Jessica (D:2)
  A polar bear simulacrum (IceCv)
  A boggart zombie (D:15)
  14 orc wizards
  3 hell rats (Lair:2)
  3 spriggan simulacra
  A wolf simulacrum (IceCv)
  An ice beast zombie (D:10)
  4 mummies (Crypt:3)
  2 swamp drake zombies (Swamp:4)
  13 adders
  4 gnolls (D:9)
  8 river rats (Lair:2)
  A swamp drake skeleton (Swamp:4)
  2 shadow imps
  5 white imps
  4 ufetubi
  3 dart slugs
  2 ribbon worms
  46 orcs
  4 endoplasms
  6 giant cockroaches
  4 goblins
  9 hobgoblins
  6 jackals
  13 kobolds
  3 quokkas
  7 ball pythons
  A ball python skeleton (Crypt:1)
  6 bats
  A dart slug zombie (Crypt:1)
  3 frilled lizards
  9 rats
  A creeping inferno (Geh:3)
  A fire vortex (Geh:3)
1418 creatures vanquished.

Vanquished Creatures (collateral kills)
  A dread lich (Vaults:5)
  2 ancient liches
  The ghost of Semo the Slayer, a veteran OnAl of Vehumet (Crypt:3)
  Sojobo (Vaults:4)
  Geryon (Hell)
  Nikola (Elf:1)
  2 golden dragons
  2 hellephants
  A Brimstone Fiend (Geh:4)
  The ghost of Xpym the Sensei, an adept OpBe of Trog (Elf:3)
  2 liches
  Jorgrun (Elf:2)
  A walking divine tome (Depths:2)
  5 tentacled monstrosities
  A quicksilver dragon (Depths:4)
  A deep elf blademaster (Elf:3)
  A titan (Vaults:4)
  A searing wretch (Geh:1)
  2 deep elf master archers (Elf:3)
  A sphinx (Vaults:5)
  2 tentacled starspawn (Abyss:3)
  4 acid blobs
  2 ancient champions
  2 shadow dragons
  4 thorn hunters
  3 tengu reavers
  An azure jelly (Slime:5)
  2 storm dragons
  Kirke (Elf:1)
  4 frost giants
  9 fire giants
  2 draconian monks (Depths:4)
  3 deep elf sorcerers (Elf:3)
  A rockslime (Slime:5)
  2 ghouls
  5 emperor scorpions (Spider:4)
  2 balrugs
  An angel (Depths:3)
  12 vault wardens
  A caustic shrike zombie (Hell)
  3 ghost moths
  3 deep elf elementalists (Elf:3)
  An orc warlord (Vaults:1)
  11 ironbound preservers
  5 stone giants
  3 very ugly things
  A spriggan defender (Depths:2)
  2 reapers (Hell)
  2 quicksilver oozes
  A draconian annihilator (Depths:4)
  2 formless jellyfish
  4 ironbound thunderhulks
  4 hydra skeletons
  4 deep elf death magi (Elf:3)
  7 vampire knights
  2 black draconians (Depths:4)
  An eleionoma (Swamp:1)
  5 green draconians (Depths:4)
  2 red draconians (Depths:4)
  2 lorocyprocas (Hell)
  6 deep elf demonologists
  5 dire elephants
  11 deep elf annihilators
  3 white draconians (Depths:4)
  4 purple draconians (Depths:4)
  3 blizzard demons
  4 eidola
  4 fire dragons
  3 shambling mangroves
  An ettin (Vaults:5)
  8 jiangshi
  3 deep elf high priests
  4 entropy weavers
  4 spriggan zombies
  2 salamander tyrants
  19 vault guards
  6 yaktaur captains
  2 rakshasas
  3 ice dragons
  4 hydras
  A catoblepas (D:14)
  A sphinx zombie (Hell)
  7 great orbs of eyes
  2 ogre magi (Vaults:5)
  2 radroaches (Spider:4)
  9 centaur warriors
  4 ironbound frosthearts
  2 alligators (Swamp:1)
  4 death yaks (Lair:2)
  8 dancing weapons
  A spriggan skeleton (Crypt:2)
  3 deep troll earth magi
  3 two-headed ogres
  A death knight (Vaults:2)
  3 boulder beetles
  3 demonic crawlers
  2 deep troll shamans
  2 thrashing horrors
  3 soul eaters (Hell)
  An orc high priest (Orc:1)
  4 spriggan berserkers
  10 vampire magi
  A shock serpent (shapeshifter) (D:15)
  2 storm dragon zombies
  10 hell hogs
  A hell knight (Vaults:4)
  2 pharaoh ants
  6 sun demons (Hell)
  An emperor scorpion zombie (Hell)
  A sixfirhy (Abyss:3)
  4 iron trolls
  A salamander mystic (Depths:4)
  13 skeletal warriors
  A spriggan rider (Swamp:4)
  An anaconda zombie (Hell)
  2 goliath frogs (Swamp:4)
  A death drake (Depths:4)
  43 deep trolls
  3 spriggan druids (Swamp:4)
  5 swamp dragons (Swamp:4)
  A golden dragon zombie (Crypt:3)
  4 steelbarb worms
  5 arcanists
  5 orb spiders
  3 sun moths (Spider:4)
  4 bog bodies
  3 spectral hydras (Swamp:4)
  6 ironbound convokers
  8 deep elf archers
  4 necromancers
  6 lindwurms
  An anaconda skeleton (Hell)
  7 phantasmal warriors
  9 deep elf pyromancers
  A tengu zombie (Hell)
  28 ugly things
  14 deep elf zephyrmancers
  An iron dragon zombie (Hell)
  2 will-o-the-wisps
  12 orc knights
  3 manticores
  3 oklob plants (Swamp:4)
  2 salamanders (Depths:4)
  2 cyclopes
  2 worldbinders (Abyss:3)
  12 wolf spiders
  An orc sorcerer (Orc:2)
  2 shining eyes
  A meliai (D:12)
  2 moths of wrath
  4 rust devils (Hell)
  A kobold blastminer (Orc:2)
  2 stone giant skeletons
  A naga zombie (Crypt:1)
  2 centaur zombies (D:15)
  6 elephants
  A water nymph (Abyss:3)
  A molten gargoyle (Hell)
  A dire elephant skeleton (Crypt:3)
  4 smoke demons (Hell)
  9 vault sentinels
  A formless jellyfish zombie (Crypt:3)
  A titan simulacrum (Depths:1)
  3 cane toads
  4 torpor snails
  3 eyes of devastation
  A hellion (Depths:4)
  Jeremiah (Lair:1)
  19 yaktaurs
  A golden dragon simulacrum (Depths:1)
  3 ice devils
  An iron troll zombie (Crypt:2)
  A black draconian skeleton (Crypt:3)
  A komodo dragon (Lair:3)
  5 freezing wraiths
  2 trolls
  A troll (shapeshifter) (Lair:5)
  A hellwing (Abyss:3)
  A polar bear (Lair:4)
  2 raiju (Lair:5)
  11 hornets
  2 hydra zombies
  8 tyrant leeches
  An ice dragon zombie (Crypt:3)
  A culicivora zombie (Spider:3)
  9 tarantellas
  A stone giant simulacrum (Depths:1)
  3 dream sheep (Lair:4)
  11 blink frogs
  A fire giant simulacrum (Depths:1)
  3 ettin zombies (Hell)
  25 jumping spiders
  A centaur simulacrum (Crypt:2)
  10 spriggans
  3 water elementals
  15 culicivoras
  32 slime creatures
  3 air elementals
  A wyvern (Lair:2)
  An ice dragon skeleton (Crypt:1)
  13 yaks
  19 vampires (Crypt:3)
  4 wargs
  4 basilisks
  2 hogs (Elf:1)
  6 vampire mosquitoes
  2 chaos spawn (Lair:5)
  A neqoxec (Abyss:3)
  A sea snake simulacrum (Hell)
  34 redbacks
  5 small abominations
  11 swamp worms
  A swamp worm (shapeshifter) (Depths:4)
  2 hell hounds (Hell)
  A glowing shapeshifter skeleton (Crypt:2)
  3 hydra simulacra
  A water moccasin (Lair:2)
  A water nymph skeleton (Crypt:3)
  A swamp drake (Swamp:4)
  A laughing skull (Vaults:2)
  9 orc warriors
  6 ice beasts (D:10)
  A black bear (shapeshifter) (D:14)
  A lindwurm skeleton (Crypt:2)
  A blink frog zombie (Crypt:3)
  5 centaurs
  An ogre (Orc:2)
  8 wolves
  A swamp dragon skeleton (Swamp:4)
  A bullfrog (Lair:4)
  2 scorpions (Lair:3)
  An earth elemental (Elf:3)
  A howler monkey (D:10)
  2 electric eels
  6 orc priests
  5 orc wizards
  A sleepcap (D:5)
  6 hell rats
  3 mummies (Crypt:3)
  3 river rats (Lair:2)
  A white imp (Vaults:2)
  An ufetubus (Gauntlet)
  20 orcs
  A giant cockroach (Lair:3)
  A goblin (D:1)
  2 jackals
  A training dummy (D:5)
  2 frilled lizards (D:1)
  3 kobolds
  An orc skeleton (Crypt:3)
  A rat zombie (Crypt:2)
  A fire vortex (Geh:3)
  A lurking horror (Abyss:3)
  A spectral weapon (Swamp:4)
  A starspawn tentacle (Abyss:3)
1025 creatures vanquished.

Vanquished Creatures (others)
  A fenstrider witch (Swamp:3)
  A rockslime (Slime:5)
  A fire giant (Hell)
  A vault warden (Hell)
  An emperor scorpion (Spider:3)
  3 ghost moths
  An ironbound preserver (Vaults:5)
  An orc warlord (D:14)
  A formless jellyfish (Slime:5)
  2 bunyips
  An ettin (Hell)
  A deep elf high priest (Vaults:5)
  An entropy weaver (shapeshifter) (D:10)
  2 spriggan air magi (Swamp:3)
  4 jorogumos
  A hydra (D:15)
  Erica (D:9)
  An ogre mage (D:14)
  3 centaur warriors
  4 radroaches
  A merfolk aquamancer (D:12)
  A two-headed ogre (D:12)
  A spriggan berserker (Swamp:1)
  A tengu warrior (D:12)
  3 deep elf knights
  A ghost moth zombie (Spider:4)
  A death drake (Swamp:4)
  A spriggan druid (Swamp:1)
  A sun moth (Spider:2)
  An orc knight (D:15)
  2 deep elf archers (Elf:3)
  A harpy (shapeshifter) (Vaults:5)
  6 ugly thing zombies
  3 deep elf zephyrmancers
  A wolf spider (D:15)
  4 wolf spider zombies
  4 deep elf pyromancers (Elf:3)
  A harpy (D:15)
  An elephant (Lair:3)
  A nameless horror (Geh:3)
  2 cyclopes
  An alligator zombie (Swamp:1)
  9 centaur zombies
  A moth of wrath (Hell)
  A black mamba (Lair:5)
  4 dire elephant zombies (Vaults:2)
  A torpor snail (Spider:3)
  7 redback zombies
  An unseen horror (D:15)
  2 unseen horror zombies
  An orb spider zombie (Spider:4)
  A yaktaur (D:12)
  A troll (D:12)
  3 bloated husks
  A hornet (Swamp:1)
  2 hydra zombies
  A tarantella (Spider:3)
  2 blink frogs
  A moth of wrath zombie (Spider:4)
  A tarantella zombie (Spider:3)
  A sun moth zombie (Spider:4)
  4 human zombies
  6 culicivora zombies
  A radroach zombie (Spider:4)
  5 jumping spider zombies
  A slime creature (Slime:5)
  2 black mamba zombies
  2 culicivoras (Spider:4)
  A hog (Elf:1)
  5 yaks
  A basilisk (D:14)
  3 redbacks
  3 slime creature zombies (D:15)
  4 ogre zombies
  A vampire mosquito (D:13)
  2 swamp worms (Lair:1)
  3 deep troll zombies (Vaults:1)
  An acid dragon (D:14)
  A water moccasin (Lair:1)
  3 cane toad zombies
  An entropy weaver zombie (D:10)
  5 orc warriors
  A hornet zombie (Swamp:1)
  An ogre (Vaults:5)
  4 blink frog zombies (Lair:5)
  3 elephant zombies (Lair:2)
  2 centaurs
  3 yaktaur zombies
  A wyvern zombie (Lair:2)
  A bullfrog (Lair:5)
  3 warg zombies
  4 water moccasin zombies
  3 cyclops zombies
  A troll zombie (D:12)
  A spriggan zombie (Swamp:1)
  A killer bee (D:11)
  A polar bear zombie (D:10)
  4 yak zombies
  A howler monkey (D:12)
  10 wolf zombies
  3 bullfrog zombies
  A black bear zombie (D:14)
  A basilisk zombie (D:14)
  A bombardier beetle (D:12)
  2 orc priests (Orc:1)
  6 killer bee zombies
  4 ice beast zombies (D:10)
  2 adders
  2 adder zombies
  A dart slug (D:15)
  3 orcs
  An endoplasm (D:12)
  A goblin (D:15)
  A quokka (D:14)
  3 ball pythons
  2 ball python zombies (D:12)
  A dart slug zombie (D:12)
  An endoplasm zombie (D:12)
  5 gnoll zombies (D:9)
  A goblin zombie (D:15)
  A jackal zombie (D:5)
  A kobold (D:12)
  3 kobold zombies (D:10)
  60 orc zombies
  A quokka zombie (D:14)
  A creeping inferno (Geh:3)
  3 fire vortices (Geh:3)
  8 foxfires
  66 spectral weapons
  7 starspawn tentacles (Abyss:3)
405 creatures vanquished.

Grand Total: 2848 creatures vanquished

Notes
Turn   | Place    | Note
-------+----------+-------------------------------------------
     0 | D:1      | Bnni the Demonspawn Necromancer began the quest for the
                  | Orb.
     0 | D:1      | Reached XP level 1. HP: 13/13 MP: 3/3
    99 | D:1      | Gained mutation: You are partially covered in yellow
                  | scales. (AC +2) [demonic ancestry]
    99 | D:1      | Reached XP level 2. HP: 20/20 MP: 1/5
   313 | D:1      | Reached skill level 1 in Fighting
   547 | D:1      | Reached skill level 5 in Necromancy
   553 | D:1      | Gained mutation: You have sharp fingernails. [demonic
                  | ancestry]
   553 | D:1      | Reached XP level 3. HP: 15/26 MP: 4/6
   557 | D:1      | Learned a level 3 spell: Vampiric Draining
   769 | D:2      | Identified the +0 leather armour of Zin {rPois rF+ rN+
                  | Slay+5}
  1182 | D:2      | Noticed Jessica
  1190 | D:2      | Killed Jessica
  1191 | D:2      | Gained mutation: You sometimes gain a little power by
                  | taking damage. [demonic ancestry]
  1191 | D:2      | Reached XP level 4. HP: 27/33 MP: 6/8
  1511 | D:3      | Found a sparkling altar of Nemelex Xobeh.
  2163 | D:3      | Gained mutation: You have very sharp fingernails. [demonic
                  | ancestry]
  2163 | D:3      | Reached XP level 5. HP: 38/38 MP: 9/9
  2270 | D:4      | Noticed a phantom
  2281 | D:4      | Killed a phantom
  2282 | D:4      | Reached skill level 6 in Necromancy
  2287 | D:4      | Learned a level 4 spell: Animate Dead
  2328 | D:4      | Identified the ring of Qironucs {AC+4 Int+3 SInv}
  2343 | D:4      | Identified the +1 leather armour of Gunyh {Rampage rPois
                  | Str+5 Stlth-}
  2399 | D:4      | Reached XP level 6. HP: 46/46 MP: 10/10
  2456 | D:4      | Learned a level 2 spell: Sublimation of Blood
  2542 | D:4      | Found an opulent altar of Gozag.
  2571 | D:4      | Noticed Edmund
  2589 | D:4      | Killed Edmund
  2590 | D:4      | Reached skill level 7 in Necromancy
  2752 | D:4      | Found a burning altar of Makhleb.
  2911 | D:4      | Noticed a balrug
  2915 | D:4      | Noticed a ynoxinul
  2915 | D:4      | Noticed a neqoxec
  2940 | D:4      | Reached XP level 7. HP: 46/52 MP: 12/12
  3000 | D:5      | Entered Level 5 of the Dungeon
  3001 | D:5      | Noticed Blork the orc
  3013 | D:5      | Killed Blork the orc
  3066 | D:5      | Found a radiant altar of Vehumet.
  3292 | D:5      | Reached skill level 8 in Necromancy
  3465 | D:5      | Reached XP level 8. HP: 58/61 MP: 14/14
  3512 | D:5      | You fall into a shaft and drop 2 floors!
  3587 | D:7      | Noticed Maggie
  3606 | D:7      | Killed Maggie
  3607 | D:7      | Reached skill level 9 in Necromancy
  3741 | D:7      | Reached skill level 5 in Spellcasting
  3903 | D:7      | Reached skill level 5 in Fighting
  4263 | D:7      | Reached skill level 10 in Necromancy
  4654 | D:7      | Learned a level 2 spell: Cigotuvi's Dreadful Rot
  4793 | D:7      | Noticed an ice statue
  5123 | D:6      | Found Gecazu's Weapon Shoppe.
  5148 | D:6      | Gained mutation: A meltable shield of frost defends you.
                  | (SH +0) [demonic ancestry]
  5148 | D:6      | Reached XP level 9. HP: 60/69 MP: 13/17
  5607 | D:6      | Noticed Menkaure
  5612 | D:6      | Killed Menkaure
  5999 | D:5      | Found a staircase to the Ecumenical Temple.
  6087 | D:5      | Noticed Duvessa
  6088 | D:5      | Noticed Dowan
  6123 | Temple   | Entered the Ecumenical Temple
  6128 | Temple   | Became a worshipper of Kikubaaqudgha
  6143 | D:5      | Killed Duvessa
  6144 | D:5      | Reached skill level 11 in Necromancy
  6153 | D:5      | Killed Dowan
  6453 | D:5      | Learned a level 5 spell: Curse of Agony
  6841 | D:8      | Found the +2 hood of the Assassin {Detect Stab+ Stlth++}
  7145 | D:8      | Noticed a two-headed ogre
  7155 | D:8      | Killed a two-headed ogre
  7413 | D:8      | Reached XP level 10. HP: 21/68 MP: 20/20
  7772 | D:9      | Noticed Erica
  7782 | D:9      | Killed Erica
  7794 | D:9      | Reached skill level 12 in Necromancy
  7958 | D:9      | Noticed Prince Ribbit
  7975 | D:9      | Killed Prince Ribbit
  8061 | D:9      | Reached * piety under Kikubaaqudgha
  8061 | D:9      | Received a gift from Kikubaaqudgha
  8299 | D:9      | Found a staircase to the Orcish Mines.
  9278 | D:10     | Entered Level 10 of the Dungeon
  9284 | D:10     | a shapeshifter changed into an entropy weaver
  9284 | D:10     | Noticed an entropy weaver (shapeshifter)
  9284 | D:10     | Noticed a two-headed ogre
  9300 | D:10     | Killed a two-headed ogre
  9301 | D:10     | Reached skill level 5 in Dodging
  9325 | D:10     | Reached ** piety under Kikubaaqudgha
  9331 | D:10     | Gained mutation: You are mostly covered in yellow scales.
                  | (AC +3) [demonic ancestry]
  9331 | D:10     | Reached XP level 11. HP: 36/86 MP: 2/22
  9525 | D:10     | Found Buptas's Antique Weapon Boutique.
  9567 | D:10     | Found a staircase to the Lair.
  9649 | D:10     | Noticed a four-headed hydra
  9653 | D:10     | Killed a one-headed hydra
  9654 | D:10     | Reached skill level 1 in Shields
  9654 | D:10     | Reached skill level 13 in Necromancy
  9784 | D:10     | Learned a level 4 spell: Anguish
  9961 | D:10     | Found the amulet of Vitality {RegenMP++ Regen++}
  9961 | D:10     | Noticed a two-headed ogre
  9973 | D:10     | Killed a two-headed ogre
  9974 | D:10     | Noticed Maurice
 10008 | D:10     | Maurice stole the amulet of Vitality {RegenMP++ Regen++}
 10013 | D:10     | Killed Maurice
 10821 | D:11     | Noticed an obsidian statue
 11278 | D:11     | Noticed a deep elf pyromancer
 11292 | D:11     | Killed a deep elf pyromancer
 11292 | D:11     | Reached *** piety under Kikubaaqudgha
 11292 | D:11     | Received a gift from Kikubaaqudgha
 11330 | D:11     | Learned a level 5 spell: Borgnjor's Vile Clutch
 11782 | D:12     | Noticed Psyche
 11793 | D:12     | Killed Psyche
 11797 | D:12     | Reached skill level 1 in Armour
 11851 | D:12     | Learned a level 4 spell: Dispel Undead
 11942 | D:12     | Noticed a two-headed ogre
 11950 | D:12     | Killed a two-headed ogre
 11951 | D:12     | Gained mutation: You are completely covered in yellow
                  | scales. (AC +4, rCorr) [demonic ancestry]
 11951 | D:12     | Reached XP level 12. HP: 94/94 MP: 18/24
 11965 | D:12     | Found a runed translucent gate.
 11965 | D:12     | Found a runed translucent gate.
 11965 | D:12     | Found a runed translucent gate.
 11965 | D:12     | Noticed an azure jelly
 11966 | D:12     | Noticed an azure jelly
 11966 | D:12     | Noticed a rockslime
 11966 | D:12     | Noticed an azure jelly
 11967 | D:12     | Noticed lis82's ghost (journeyman DgIE)
 11968 | D:12     | Noticed an acid blob
 11968 | D:12     | Noticed an acid blob
 12001 | D:12     | Noticed Nessos
 12021 | D:12     | Noticed a merfolk aquamancer
 12021 | D:12     | Noticed a merfolk aquamancer
 12023 | D:12     | Noticed a boulder beetle
 12023 | D:12     | Noticed a merfolk aquamancer
 12030 | D:12     | Noticed a two-headed ogre
 12035 | D:12     | Killed a merfolk aquamancer
 12040 | D:12     | Killed a merfolk aquamancer
 12100 | D:12     | Reached skill level 14 in Necromancy
 12105 | D:12     | Killed Nessos
 12137 | D:12     | Killed a merfolk aquamancer
 12212 | D:12     | Found a frozen archway.
 12221 | IceCv    | Entered an ice cave
 12287 | IceCv    | Reached skill level 5 in Stealth
 12364 | IceCv    | Reached skill level 5 in Shields
 12742 | IceCv    | Noticed a reaper
 12752 | IceCv    | Killed a reaper
 12754 | IceCv    | Got the Grimoire of Glaciation
 12905 | D:12     | Killed a boulder beetle
 13227 | D:12     | Found a viscous altar of Jiyva.
 13305 | D:13     | Identified the +1 ring mail of Starshine {Fly rElec rPois}
 13371 | D:13     | Noticed a four-headed hydra
 13385 | D:13     | Killed a one-headed hydra
 13393 | D:13     | Reached XP level 13. HP: 88/101 MP: 23/25
 13774 | D:13     | Reached skill level 15 in Necromancy
 14128 | D:14     | Reached skill level 1 in Earth Magic
 14415 | D:14     | Found a runed translucent gate.
 14415 | D:14     | Found a runed translucent gate.
 14415 | D:14     | Found a runed translucent gate.
 14430 | D:14     | Noticed an orc warlord
 14430 | D:14     | Noticed niknal's ghost (journeyman TeWr)
 14434 | D:14     | Found an iron altar of Okawaru.
 14442 | D:14     | Learned a level 6 spell: Death Channel
 14454 | D:14     | Killed an orc warlord
 14477 | D:14     | Killed niknal's ghost
 14491 | D:14     | Identified the +5 quick blade of the World {freeze, +Blink
                  | Str+5}
 14547 | D:14     | Reached skill level 10 in Fighting
 14643 | D:14     | Reached skill level 1 in Polearms
 14667 | D:14     | Found a gate to the Vaults.
 14667 | D:14     | Noticed an ironbound preserver
 14684 | D:14     | Killed an ironbound preserver
 14775 | D:14     | Found a hide-covered altar of Uskayaw.
 14907 | D:15     | Entered Level 15 of the Dungeon
 14970 | D:15     | Reached **** piety under Kikubaaqudgha
 14973 | D:15     | Reached XP level 14. HP: 90/110 MP: 14/27
 15256 | D:15     | Reached skill level 16 in Necromancy
 15260 | D:15     | Reached skill level 10 in Dodging
 15380 | D:15     | Identified the +7 hand axe "Oterocixt" {antimagic, *Noise
                  | rF+++ Str+2 Dex+3}
 15855 | D:15     | Noticed a brown very ugly thing
 15875 | D:15     | Killed a red very ugly thing
 15947 | D:15     | Reached skill level 5 in Polearms
 15988 | D:15     | Found a staircase to the Depths.
 16143 | Lair:1   | Entered Level 1 of the Lair of Beasts
 16275 | Lair:1   | Found a transporter.
 16318 | Lair:1   | Found a transporter.
 16494 | Lair:1   | Noticed Jeremiah
 16500 | Lair:1   | Killed Jeremiah
 16579 | Lair:1   | Found a runed translucent door.
 16580 | Lair:1   | Noticed Roihizits's ghost (novice DsWn)
 16892 | Lair:1   | Killed Roihizits's ghost
 17066 | Lair:2   | Reached skill level 10 in Spellcasting
 17222 | Lair:2   | Identified a scroll of acquirement
 17231 | Lair:2   | Acquired 1065 gold pieces
 17256 | Lair:2   | Learned a level 3 spell: Fugue of the Fallen
 17396 | Lair:2   | Gained mutation: A meltable icy envelope protects you from
                  | harm. (AC +0) [demonic ancestry]
 17396 | Lair:2   | Reached XP level 15. HP: 117/117 MP: 29/29
 17457 | Lair:2   | Reached ***** piety under Kikubaaqudgha
 17695 | Lair:2   | Found a staircase to the Swamp.
 18113 | Lair:3   | Reached skill level 17 in Necromancy
 18121 | Lair:3   | Found a gate leading to a gauntlet.
 18137 | Gauntlet | Entered a Gauntlet
 18137 | Gauntlet | Found a large runed translucent door.
 18137 | Gauntlet | Found a large runed translucent door.
 18137 | Gauntlet | Found a large runed translucent door.
 18137 | Gauntlet | Found a transporter.
 18137 | Gauntlet | Found a large runed translucent door.
 18137 | Gauntlet | Found a runed translucent door.
 18137 | Gauntlet | Found a large runed translucent door.
 18137 | Gauntlet | Found a large runed translucent door.
 18137 | Gauntlet | Found a large runed translucent door.
 18137 | Gauntlet | Found a large runed translucent door.
 18137 | Gauntlet | Found a runed translucent gate.
 18137 | Gauntlet | Found a runed translucent gate.
 18137 | Gauntlet | Found a transporter.
 18137 | Gauntlet | Found a transporter.
 18150 | Gauntlet | Found a transporter.
 18150 | Gauntlet | Found a transporter.
 18156 | Gauntlet | Found a runed translucent gate.
 18156 | Gauntlet | Found a runed translucent gate.
 18156 | Gauntlet | Found a runed translucent gate.
 18158 | Gauntlet | Found a transporter.
 18161 | Gauntlet | Found a transporter.
 18170 | Gauntlet | Found a transporter.
 18187 | Gauntlet | Found a transporter.
 18192 | Gauntlet | Found a transporter.
 18195 | Gauntlet | Found a transporter.
 18209 | Gauntlet | Found a transporter.
 18210 | Gauntlet | Found a runed translucent gate.
 18214 | Gauntlet | Found a runed translucent door.
 18225 | Gauntlet | Found a large runed translucent door.
 18225 | Gauntlet | Found a large runed translucent door.
 18225 | Gauntlet | Found a large runed translucent door.
 18225 | Gauntlet | Found a large runed translucent door.
 18226 | Gauntlet | Found a large runed translucent door.
 18226 | Gauntlet | Found a large runed translucent door.
 18227 | Gauntlet | Found a large runed translucent door.
 18227 | Gauntlet | Found a large runed translucent door.
 18418 | Gauntlet | Identified the ring "Xopedwuc" {rC+ rCorr}
 18449 | Gauntlet | Identified the amulet "Jipleo" {RegenMP Harm Str+3 Int+3}
 18450 | Gauntlet | Got the Almanac of Leaden Austromancy
 18830 | Lair:3   | Found a hole to the Spider Nest.
 19265 | Lair:4   | Found a viscous altar of Jiyva.
 19265 | Lair:4   | Found a staircase to the Slime Pits.
 19682 | Lair:5   | Entered Level 5 of the Lair of Beasts
 19693 | Lair:5   | Reached ****** piety under Kikubaaqudgha
 20016 | Lair:5   | Found a corrupted altar of Lugonu.
 20016 | Lair:5   | Found a one-way gate to the infinite horrors of the Abyss.
 20026 | Lair:5   | Identified the +5 hand axe of the Big Bang {speed, *Corrode
                  | rN++ Str+3}
 20027 | Lair:5   | Got an earthy gem with 182 turns to spare
 21020 | Orc:1    | Entered Level 1 of the Orcish Mines
 21031 | Orc:1    | Received a gift from Kikubaaqudgha (forbidden knowledge)
 21042 | Orc:1    | Found Epnue's Book Boutique.
 21305 | Orc:1    | Found a transporter.
 21308 | Orc:1    | Found a transporter.
 21590 | Orc:1    | Reached skill level 1 in Summonings
 21604 | Orc:1    | Gained mutation: You have claws for hands. [demonic
                  | ancestry]
 21604 | Orc:1    | Reached XP level 16. HP: 127/127 MP: 21/30
 21671 | Orc:1    | Identified the +2 cloak "Tuiq" {SInv}
 21697 | Orc:2    | Entered Level 2 of the Orcish Mines
 21743 | Orc:2    | Found a staircase to the Elven Halls.
 22135 | Orc:2    | Reached skill level 18 in Necromancy
 22434 | Orc:2    | Found Hatouw's Magic Scroll Boutique.
 22452 | Orc:2    | Bought a scroll of identify for 30 gold pieces
 22452 | Orc:2    | Bought a scroll of identify for 30 gold pieces
 22452 | Orc:2    | Bought a scroll of identify for 30 gold pieces
 22455 | Orc:2    | Bought a scroll of blinking for 112 gold pieces
 22466 | Orc:2    | Learned a level 8 spell: Infestation
 22492 | Orc:2    | Found Foun's Antique Armour Shoppe.
 22510 | Orc:2    | Found Wiano's Magic Scroll Shoppe.
 22519 | Orc:2    | Bought a scroll of blinking for 90 gold pieces
 22519 | Orc:2    | Bought a scroll of blinking for 90 gold pieces
 22519 | Orc:2    | Bought a scroll of blinking for 90 gold pieces
 22519 | Orc:2    | Bought a scroll of identify for 24 gold pieces
 22598 | Orc:2    | Found Foko's Antique Weapon Shoppe.
 23092 | Spider:1 | Entered Level 1 of the Spider Nest
 23656 | Spider:2 | Noticed Arachne
 23683 | Spider:2 | Killed Arachne
 23687 | Spider:2 | You fall into a shaft and drop 1 floor!
 23873 | Spider:3 | Acquired a +0 pair of boots of flying
 23921 | Spider:3 | Reached skill level 5 in Summonings
 24614 | Spider:2 | Noticed Asterion
 24651 | Spider:2 | Killed Asterion
 24731 | Spider:2 | Noticed Mlioglotl
 24738 | Spider:2 | Killed Mlioglotl
 25031 | Spider:2 | Gained mutation: You sometimes gain power by taking damage.
                  | [demonic ancestry]
 25031 | Spider:2 | Reached XP level 17. HP: 131/135 MP: 27/32
 25255 | Spider:4 | Entered Level 4 of the Spider Nest
 25314 | Spider:4 | Reached skill level 19 in Necromancy
 25441 | Spider:4 | Found the -2 hat of the Alchemist {rElec rPois rF+ rC+ rN+
                  | Will+ rMut rCorr}
 25460 | Spider:4 | Got a gossamer rune of Zot
 25472 | Spider:4 | Got a milky-white gem with 31 turns to spare
 26098 | Swamp:1  | Entered Level 1 of the Swamp
 26698 | Swamp:1  | Learned a level 7 spell: Haunt
 26924 | Swamp:2  | Reached XP level 18. HP: 143/143 MP: 34/34
 27700 | Swamp:3  | Reached skill level 10 in Polearms
 27700 | Swamp:3  | Reached skill level 20 in Necromancy
 27970 | Swamp:4  | Entered Level 4 of the Swamp
 28205 | Swamp:4  | HP: 2/138 [constriction (17)]
 28283 | Swamp:4  | Reached skill level 10 in Summonings
 28332 | Swamp:4  | Found a blossoming altar of Fedhas.
 28353 | Swamp:4  | Got a decaying rune of Zot
 28371 | Swamp:4  | Found a basalt altar of Yredelemnul.
 28799 | Vaults:1 | Entered Level 1 of the Vaults
 29357 | Vaults:1 | Identified the +5 scale mail of the Chimera {Harm ^Drain
                  | rPois Dex+2}
 29646 | Vaults:1 | Gained mutation: A meltable icy envelope protects you from
                  | harm. (AC +0) [demonic ancestry]
 29646 | Vaults:1 | Reached XP level 19. HP: 151/151 MP: 35/35
 30071 | Vaults:2 | Reached skill level 21 in Necromancy
 30572 | Vaults:2 | Found the +5 glaive of the Guard {elec, spectral}
 30767 | Vaults:2 | Found a staircase to the Crypt.
 31199 | Vaults:3 | Reached XP level 20. HP: 136/160 MP: 37/37
 31745 | Vaults:3 | Learned a level 8 spell: Borgnjor's Revivification
 31927 | Vaults:3 | Reached skill level 22 in Necromancy
 31935 | Vaults:3 | Found Ruericis's Assorted Antiques.
 32656 | Vaults:4 | Identified the +7 triple crossbow "Beastbane" {freeze,
                  | rPois Will+}
 32795 | Vaults:4 | Reached skill level 15 in Fighting
 32811 | Vaults:4 | Noticed Jory
 32821 | Vaults:4 | Killed Jory
 33138 | Vaults:4 | Noticed Sojobo
 33143 | Vaults:4 | Paralysed by an air elemental for 1 turns
 33146 | Vaults:4 | Killed Sojobo
 33239 | Vaults:4 | Found Dimeol's Armour Shoppe.
 33423 | Vaults:4 | Noticed Boris
 33434 | Vaults:4 | Killed Boris
 33642 | Vaults:4 | Gained mutation: You are powered by pain. [demonic
                  | ancestry]
 33642 | Vaults:4 | Reached XP level 21. HP: 168/168 MP: 38/38
 33896 | Crypt:1  | Entered Level 1 of the Crypt
 34497 | Crypt:2  | Noticed Grunn
 34514 | Crypt:2  | Killed Grunn
 34554 | Crypt:2  | Reached skill level 23 in Necromancy
 34694 | Crypt:2  | Noticed Boris
 34694 | Crypt:2  | Identified the orb of the Unicorn {light, Hexes}
 34694 | Crypt:2  | Noticed Frederick
 34702 | Crypt:2  | Killed Frederick
 34710 | Crypt:2  | Killed Boris
 34808 | Crypt:2  | Noticed Vv
 34822 | Crypt:2  | Killed Vv
 34888 | Crypt:2  | Reached skill level 10 in Shields
 35209 | Crypt:3  | Entered Level 3 of the Crypt
 35483 | Crypt:3  | Paralysed by a vampire knight for 4 turns
 35595 | Crypt:3  | Got an ivory gem with 184 turns to spare
 35605 | Crypt:3  | Identified the amulet "Icwosk" {Faith -Tele Harm Will++
                  | MP+9}
 35709 | Crypt:3  | Gained mutation: You punish those that try to bend your
                  | will. (Will+) [demonic ancestry]
 35709 | Crypt:3  | Reached XP level 22. HP: 178/178 MP: 40/40
 36114 | Crypt:3  | Found a staircase to the Tomb.
 36155 | Crypt:3  | Found the +2 pair of slick slippers {slick, slippery, EV+4}
 36156 | Crypt:3  | Noticed Semo's ghost (veteran OnAl)
 36170 | Crypt:3  | Found a runed translucent door.
 36190 | Crypt:3  | Killed Semo's ghost
 36754 | Slime:1  | Entered Level 1 of the Pits of Slime
 36848 | Slime:5  | Entered Level 5 of the Pits of Slime
 36996 | Slime:5  | Reached skill level 15 in Dodging
 37379 | Slime:5  | Reached skill level 24 in Necromancy
 37411 | Slime:5  | Found a viscous altar of Jiyva.
 37412 | Slime:5  | Noticed the Royal Jelly
 37484 | Slime:5  | Killed the Royal Jelly
 37507 | Slime:5  | Got Hurolot's Incunabulum of Apparitions
 37543 | Slime:5  | Identified the +6 quarterstaff "Xaewn" {freeze, *Rage rPois
                  | Dex+5 Stlth+}
 37588 | Slime:5  | Got a slimy rune of Zot
 37591 | Slime:5  | Identified the ring "Ridgh" {rN+ rCorr Dex+3}
 37627 | Slime:5  | Got the Papyrus of the Jaunt and Conflagration
 37645 | Slime:5  | Learned a level 1 spell: Apportation
 37892 | Elf:1    | Entered Level 1 of the Elven Halls
 37969 | Elf:1    | Noticed Frances
 37979 | Elf:1    | Killed Frances
 38011 | Elf:1    | Noticed Kirke
 38015 | Elf:1    | Paralysed by an air elemental for 1 turns
 38019 | Elf:1    | Noticed Nikola
 38031 | Elf:1    | Killed Nikola
 38033 | Elf:1    | Killed Kirke
 38056 | Elf:1    | You are sucked into a shaft and drop 1 floor!
 38072 | Elf:2    | Noticed Jorgrun
 38086 | Elf:2    | Killed Jorgrun
 38404 | Elf:1    | Reached skill level 15 in Spellcasting
 38520 | Elf:1    | Found Syron's Assorted Antiques.
 38876 | Elf:2    | Noticed Zenata
 38882 | Elf:2    | Killed Zenata
 38886 | Elf:2    | Found a runed translucent gate.
 38886 | Elf:2    | Found a runed translucent gate.
 38886 | Elf:2    | Found a runed translucent gate.
 39206 | Elf:3    | Entered Level 3 of the Elven Halls
 39278 | Elf:3    | Identified the +0 robe "Earthly Heaven" {rC+ Slay+3}
 39298 | Elf:3    | Reached skill level 10 in Stealth
 39304 | Elf:3    | Reached XP level 23. HP: 124/186 MP: 31/42
 39433 | Elf:3    | Identified the +3 broad axe of Avvips {elec, rF+ rC+ Int+2
                  | Dex-4}
 39450 | Elf:3    | Got a shimmering gem with 302 turns to spare
 39477 | Elf:3    | Identified the ring "Xeavuifa" {rF+ Int+4}
 39496 | Elf:3    | Identified the +2 leather armour "Jouqu" {rC+ Will+ Stlth-}
 39548 | Elf:3    | Found the dreamshard necklace {Acrobat *Dream}
 39558 | Elf:3    | Got the Encyclopedia of Blasts
 39609 | Elf:3    | Found a runed translucent gate.
 39609 | Elf:3    | Found a runed translucent gate.
 39609 | Elf:3    | Found a runed translucent gate.
 39613 | Elf:3    | Learned a level 2 spell: Blink
 39618 | Elf:3    | Noticed Xpym's ghost (adept OpBe)
 39640 | Elf:3    | Killed Xpym's ghost
 39651 | Elf:3    | Identified the +1 pair of boots of Mysticism {+Inv rElec
                  | rCorr}
 39758 | Elf:3    | Found Kaoxah's Jewellery Shoppe.
 39841 | Elf:3    | Reached skill level 1 in Translocations
 40300 | Depths:1 | Entered Level 1 of the Depths
 40496 | Depths:1 | Noticed Agayghopp's ghost (adept DECj)
 40524 | Depths:1 | Found a runed translucent gate.
 40524 | Depths:1 | Found a runed translucent gate.
 40524 | Depths:1 | Found a runed translucent gate.
 40555 | Depths:1 | Found a gateway to Hell.
 40703 | Depths:1 | Found a sparkling altar of Nemelex Xobeh.
 41004 | Depths:1 | Found a portal to a secret trove of treasure.
 41032 | Depths:1 | You paid a toll of 17 potions of curing to enter a treasure
                  | trove
 41033 | Trove    | Entered a treasure trove
 41042 | Trove    | Identified the ring "Qoihuk" {Str+6 Int+6}
 41052 | Trove    | Identified the +0 cloak "Udicruick" {Dex+2}
 41056 | Trove    | Identified the amulet of Vuaqoac {RegenMP rElec Str+2
                  | Slay+3}
 41058 | Trove    | Identified the +7 chain mail "Pinnixze" {Will+ Dex+4}
 41063 | Trove    | Identified the +1 cloak of the Abyss {rElec Str+2}
 41273 | Depths:1 | Reached skill level 25 in Necromancy
 41279 | Depths:1 | Killed Agayghopp's ghost
 41306 | Depths:1 | Got the ring of the Lost Souls {Fire rN++ rCorr Dex+5}
 41313 | Depths:1 | Identified the +8 spear "Raisin" {antimagic, Dex+5 Stlth+}
 41314 | Depths:1 | Identified the +1 broad axe "Emalahas" {vamp, *Rage rPois
                  | rN+ Int+4}
 41376 | Depths:1 | Upgraded the game from 0.32-a0-19-g28bc0835a1 to
                  | 0.32-a0-22-g6ae6769602
 41550 | Depths:2 | Found a one-way gate leading to the halls of Pandemonium.
 41655 | Depths:2 | Found a blossoming altar of Fedhas.
 41708 | Depths:2 | Identified the +1 robe of Beogh's Envy {rElec rC+ Dex+4}
 41836 | Depths:2 | Identified the +11 arbalest of the Pariah {freeze, rPois
                  | Will+ Int-5}
 42350 | Depths:2 | Reached XP level 24. HP: 195/195 MP: 42/42
 42791 | Depths:3 | Identified the +2 robe "Xyatilar" {rC+ rN+ Archmagi}
 42893 | Depths:3 | Identified the +1 trident of Wyrd {elec, Fly}
 43049 | Depths:3 | Found a one-way gateway to a ziggurat.
 43697 | Depths:4 | Entered Level 4 of the Depths
 43826 | Depths:4 | Found an ornate altar of the Wu Jian Council.
 44209 | Depths:4 | Noticed a juggernaut
 44213 | Depths:4 | Killed a juggernaut
 44490 | Depths:4 | Reached skill level 26 in Necromancy
 44636 | Depths:4 | Found a gate to the Realm of Zot.
 45090 | Depths:4 | Voluntarily entered the Abyss.
 45142 | Abyss:2  | Found a corrupted altar of Lugonu.
 45408 | Abyss:3  | Gained mutation: You are resistant to unholy torment.
                  | [demonic ancestry]
 45408 | Abyss:3  | Reached XP level 25. HP: 204/204 MP: 37/43
 45459 | Abyss:3  | Got an abyssal rune of Zot
 45484 | Depths:4 | Escaped the Abyss
 45802 | Vaults:5 | Entered Level 5 of the Vaults
 45819 | Vaults:5 | HP: 4/190 [vault warden/+3 great mace (40)]
 45840 | Vaults:4 | Learned a level 9 spell: Death's Door
 46100 | Vaults:5 | Reached skill level 15 in Shields
 46102 | Vaults:5 | HP: 2/176 [shadow dragon (7)]
 46217 | Vaults:5 | Identified the +0 leather armour "Peso" {rElec Will+ rCorr
                  | Str+3}
 46227 | Vaults:5 | Identified the +5 whip "Gosem" {antimagic, Will++}
 46358 | Vaults:5 | Identified the ring of Goenax {rF+ EV+5}
 46380 | Vaults:5 | Noticed a dread lich
 46397 | Vaults:5 | Killed a dread lich
 46413 | Vaults:5 | Reached skill level 27 in Necromancy
 46444 | Vaults:5 | Identified the +5 orcbow "Jeihol" {heavy, rC+ rN+ Will+}
 46480 | Vaults:5 | Found Webylynux's Jewellery Shoppe.
 46505 | Vaults:5 | Noticed an ancient lich
 46509 | Vaults:5 | Killed an ancient lich
 46722 | Vaults:5 | Noticed a dread lich
 46730 | Vaults:5 | Killed a dread lich
 47061 | Vaults:5 | Got a silver rune of Zot
 47063 | Vaults:5 | Identified the +1 mace of Youthful Indiscretion {freeze,
                  | Str+3 Int+4 Dex+4}
 47305 | Vaults:5 | Reached XP level 26. HP: 139/188 MP: 32/43
 47374 | Vaults:5 | Identified the +1 ring mail of the Hot Ocelot {rF+ Int+4}
 47419 | Vaults:5 | Found Uhea's General Store.
 47798 | Hell     | Entered the Vestibule of Hell
 47798 | Hell     | Noticed Geryon
 47822 | Hell     | Killed Geryon
 47876 | Hell     | Found a gateway to the Iron City of Dis.
 48095 | Hell     | Found a gateway to the freezing wastes of Cocytus.
 48197 | Hell     | Found a gateway to the ashen valley of Gehenna.
 48242 | Hell     | Noticed an ancient lich
 48246 | Hell     | Killed an ancient lich
 48252 | Hell     | Found a gateway to the decaying netherworld of Tartarus.
 48359 | Hell     | Upgraded the game from 0.32-a0-22-g6ae6769602 to
                  | 0.32-a0-35-gd9ff480968
 48361 | Geh:1    | Entered Level 1 of Gehenna
 48631 | Geh:3    | Learned a level 4 spell: Manifold Assault
 48638 | Geh:3    | You fall into a shaft and drop 1 floor!
 48670 | Geh:4    | HP: 8/190 [hell hog/fireball (4)]
 48671 | Geh:4    | HP: 2/190 [searing wretch (33)]
 48671 | Geh:4    | Slain by a searing wretch

Illustrated notes

Levels and vault maps discovered:
D:1:      beargit_arrival_greenhouse, layout_rooms
D:2:      layout_rooms, grunt_ministairs_4, amcnicky_mini_pool_small,
          minmay_misc_feat_tower, minmay_misc_feat_room, kennysheep_donut,
          kennysheep_generic_room_11, uniq_jessica
D:3:      layout_loops_cross, nicolae_overflow_crystal_walls
D:4:      minmay_inner_zag, layout_basic, makhleb_altar_promises_db,
          grunt_gozag_breadcrumbs, uniq_edmund
D:5:      dreamdust_elfheim, layout_loops_ring, tso_altar, fiery_altar_vehumet,
          minmay_temple_entry_purple_smoke, uniq_blork_the_orc
D:6:      minmay_clustersquares, layout_cave_pools, serial_shops, shop,
          uniq_menkaure
D:7:      lemuel_ice_statue, layout_loops_corners, kennysheep_mini, uniq_maggie
D:8:      layout_gridville, lemuel_tele_altar
D:9:      layout_gridville, hiddenorc1_lemuel, kennysheep_generic_room_12,
          uniq_prince_ribbit1, uniq_erica
D:10:     layout_basic, hellmonk_lair_entry_icy, serial_shops,
          nicolae_shop_temple_entry_statues_fountains, minmay_checkerbox,
          uniq_maurice
D:11:     layout_layer_cave, minivault_15, elyvilon_altar_1
D:12:     layout_roguey, gammafunk_ghost_ooze, portal_ice_cave_demonic_guard,
          serial_glass, glass_columns_a, glass_columns_c, glass_columns_b,
          glass_columns_c, glass_columns_a, glass_columns_c, glass_columns_b,
          glass_columns_a, glass_columns_b, glass_columns_a, glass_columns_b,
          glass_columns_a, glass_columns_c, glass_columns_c,
          nicolae_splish_splash, uniq_psyche, uniq_nessos
D:13:     layout_loops_ring
D:14:     layout_roguey, skrybe_vaults_entry_preservation,
          gammafunk_ghost_fury_of_okawaru, nrook_mini_backslash,
          nicolae_uskayaw_suspiria
D:15:     gammafunk_enter_depths_forms, layout_grid_maze, serial_undead,
          serial_undead_c, serial_undead_c, serial_undead_d, serial_undead_b,
          hangedman_abyss_or_decor_stabs, elves_outpost_lemuel
Temple:   minmay_freezing_vapour_temple
Lair:1:   gammafunk_worm_tunnel, layout_regular_city, gammafunk_ghost_grave,
          infiniplex_staircase_pool_2, uniq_jeremiah
Lair:2:   layout_regular_city, minmay_swamp_entry_worms,
          kennysheep_abandoned_house
Lair:3:   layout_long_grid, nicolae_spider_entry_non_spiders,
          gauntlet_entry_generic, grunt_megastairs_1, infiniplex_staircase_pool,
          serial_bayou_shore_b
Lair:4:   layout_hall_layers, minmay_slime_entry_pillars,
          cheibrodos_lair_lostbears
Lair:5:   hellmonk_lair_end_abyssal_woods, layout_gridlike,
          chequers_serial_rivers_small_a, minivault_24, hibernation_bobbens
Swamp:1:  layout_basic_swamp, evilmike_swamp_ruin_house_5
Swamp:2:  layout_falls_marsh, evilmike_swamp_ruin_rubble_1, swamp_pool_4,
          nicolae_swamp_vermiculated
Swamp:3:  layout_falls_marsh, evilmike_swamp_ruin_wall
Swamp:4:  byrel_swamp_growth_death_and_undeath, layout_basic_swamp
Spider:1: nicolae_spider_mines_1, nicolae_spider_not_touching_you
Spider:2: nicolae_spider_jumping_over_cracks [nicolae_spider_jumping_sub_rim,
          nicolae_spider_jumping_sub_grid, nicolae_spider_jumping_sub_notch,
          nicolae_spider_jumping_sub_empty],
          nicolae_spider_some_kinda_spiderbox, uniq_mlioglotl, uniq_asterion,
          uniq_arachne
Spider:3: layout_spider_delve, hangedman_spider_tarantella_strand
Spider:4: grunt_spider_rune_circles, nicolae_spider_claw_tunnel
Slime:1:  layout_caves, nicolae_slime_barrier
Slime:2:  layout_caves
Slime:3:  layout_caves
Slime:4:  layout_caves, uniq_dissolution
Slime:5:  slime_pit_nicolae_block_by_block
Orc:1:    gammafunk_beogh_shrine, layout_caves, basic_altar, serial_shops, shop,
          nooodl_orcs_dogs
Orc:2:    hellmonk_orc_salted, layout_caves, basic_altar
Elf:1:    layout_gridlike, serial_shops, nicolae_shop_gibbet_a_chance,
          nicolae_elf_crossing_hall, minmay_misc_feat_five, uniq_frances,
          uniq_kirke, uniq_nikola
Elf:2:    elven_hall_of_blades_hangedman_original [nooodl_blade_entry_preview],
          layout_geoelf_diagonals, hangedman_elven_ridges, uniq_jorgrun,
          uniq_zenata
Elf:3:    grunt_elf_hall_spiral, layout_rooms, serial_shops, shop,
          gammafunk_ghost_tricky_traps
Vaults:1: v_misc_30, v_alt_pattern_6, vaults_dpeg_diagonal,
          layout_vaults_quadrants
Vaults:2: nicolae_vaults_closet_pinwheel_3, minmay_guarded_unrand_guard_vaults,
          minmay_crypt_entry_simple_sparse, ontoclasm_vaults_loading_screen,
          nicolae_vaults_house_2, nicolae_vaults_shelves_hall,
          nicolae_vaults_offset_grid_hallway_1, nicolae_vaults_tangram_1,
          nicolae_vaults_prndl, ontoclasm_vaults_eye,
          nicolae_vaults_tetromino_Z_2, serial_ice_m,
          vaults_dpeg_emergency_exit, nicolae_vaults_layer_cake_slice,
          v_pattern_1, hangedman_vaults_hat, layout_vaults_maze_snakey
Vaults:3: grunt_vaults_funnel, nicolae_vaults_quartermaster,
          nicolae_vaults_network_square, nicolae_vaults_storage_closets_3,
          hangedman_vaults_capsules, nicolae_vaults_yaktaur_gun_rack,
          vaults_room_fours, nicolae_vaults_big_angled_halls,
          vaults_room_semicircle, vaults_dpeg_hooks, nicolae_vaults_trapezoid_1,
          layout_vaults_chaotic_city, serial_shops, nicolae_shop_hallway_plus
Vaults:4: vaults_room_large_hall, st_hourglassy, v_rooms_6, v_misc_17,
          nicolae_vaults_weapon_check, v_misc_5, v_pattern_2,
          ontoclasm_vaults_twist, ontoclasm_vaults_fault,
          nicolae_vaults_taking_the_gang_shopping, layout_vaults_omnicross,
          uniq_jory, uniq_sojobo, uniq_boris
Vaults:5: serial_shops
Crypt:1:  layout_misc_corridors, hex_tiny
Crypt:2:  layout_misc_corridors, uniq_frederick, uniq_grunn, uniq_vv
Crypt:3:  due_elkab, layout_chaotic_city, nicolae_tomb_entry_grand_gallery,
          hellmonk_ghost_big_iron
Depths:1: layout_cave_shapes, gammafunk_ghost_icy, grunt_mini_vestibule,
          enter_trove_6, nicolae_figureground_pulse, grunt_ministairs_9,
          nemelex_diamond_rough_becter
Depths:2: angbandy_vault, layout_long_grid, rand_demon_pan_entry_4,
          pf_coc_iceberg, fedhas_altar_2
Depths:3: thingy_vault, layout_gridlike, enter_ziggurat_c,
          chequers_serial_rivers_room_b, hangedman_tar_grid_catacomb,
          abyss_entry, kennysheep_cross_room
Depths:4: lemuel_castle_with_subvaults [lemuel_castle_interior_carwin_1],
          layout_honeycomb, hellmouth_1, abyss_entry,
          serial_sigils_hangedman_etch, nzn_wu_jian_contemplation
Hell
Geh:1:    layout_gehenna_pools_box
Geh:2:    layout_gehenna_lava_caves, gehenna_fire_generator,
          nicolae_geh_lava_rosette
Geh:3:    layout_gehenna_lava_caves
Geh:4:    layout_gehenna_lava_caves

Skill      XL: |  1  2  3  4  5  6  7  8  9 10 11 12 13 14 15 16 17 18 19 20 21 22 23 24 25 26 |
---------------+-------------------------------------------------------------------------------+-----
Fighting       | 1 2 3 4 5 6 7 8 9 10 11 12 13 14 15 16 17 18 19 | 19.1
Necromancy     | 5 6 7 8 10 11 12 13 14 15 16 17 18 19 20 21 22 23 24 25 26 27 | 27.0
Spellcasting   | 3 4 5 6 7 8 9 10 11 12 13 14 15 16 17 | 17.2
Dodging        | 3 5 7 8 9 10 11 12 13 14 15 16 17 | 17.7
Stealth        | 3 4 5 6 8 9 10 11 12 13 | 13.9
Shields        | 4 5 8 9 10 11 12 14 15 16 | 16.8
Armour         | 1 4 |  4.0
Earth Magic    | 3 |  3.0
Polearms       | 2 5 7 8 9 10 11 12 13 14 | 14.3
Summonings     | 1 6 8 10 | 10.0
Translocations | 2 3 |  3.1

Action                     |  1- 3 |  4- 6 |  7- 9 | 10-12 | 13-15 | 16-18 | 19-21 | 22-24 | 25-27 || total
---------------------------+-------+-------+-------+-------+-------+-------+-------+-------+-------++-------
  Melee: Long sword        |    25 |       |       |       |       |       |       |       |       ||    25
         Dagger            |    65 |    14 |       |       |       |       |       |       |       ||    79
         Punch             |     1 |     1 |     6 |     2 |       |       |       |       |       ||    10
         Short sword       |       |   105 |   298 |   529 |     7 |       |       |       |       ||   939
         Scimitar          |       |       |       |    24 |    57 |       |       |       |       ||    81
         Trident           |       |       |       |       |   786 |   345 |       |       |       ||  1131
         Demon trident     |       |       |       |       |       |   436 |   700 |   990 |   410 ||  2536
  Throw: Dart              |       |       |       |     3 |     2 |     1 |       |       |       ||     6
   Cast: Necrotise         |    22 |     2 |       |     1 |       |       |       |       |       ||    25
         Vampiric Draining |     1 |     1 |     9 |    52 |    41 |    21 |       |       |       ||   125
         Animate Dead      |       |       |     7 |    12 |    19 |    15 |     2 |       |       ||    55
         Curse of Agony    |       |       |     1 |     5 |       |       |       |       |       ||     6
         Anguish           |       |       |       |     9 |    19 |       |       |       |       ||    28
         Borgnjor's Vile C |       |       |       |    34 |    61 |    55 |    59 |   102 |    71 ||   382
         Dispel Undead     |       |       |       |    25 |    23 |    11 |    39 |    21 |     2 ||   121
         Sublimation of Bl |       |       |       |     2 |     1 |     5 |     3 |     9 |     3 ||    23
         Cigotuvi's Dreadf |       |       |       |     1 |     2 |       |       |       |       ||     3
         Death Channel     |       |       |       |       |    22 |    27 |    15 |    25 |    15 ||   104
         Fugue of the Fall |       |       |       |       |     4 |     8 |     3 |     3 |    10 ||    28
         Infestation       |       |       |       |       |       |    27 |    53 |    68 |    30 ||   178
         Haunt             |       |       |       |       |       |     6 |    22 |    47 |    24 ||    99
         Blink             |       |       |       |       |       |       |       |       |     5 ||     5
         Death's Door      |       |       |       |       |       |       |       |       |     5 ||     5
         Borgnjor's Revivi |       |       |       |       |       |       |       |       |     2 ||     2
 Invoke: Unearth Wretches  |       |       |       |     7 |     8 |     9 |       |     3 |     1 ||    28
         Receive Forbidden |       |       |       |       |     1 |       |       |       |       ||     1
         Torment           |       |       |       |       |       |       |       |       |     1 ||     1
  Evoke: Wand              |       |       |     1 |     4 |     1 |     1 |       |     1 |       ||     8
         Box of beasts     |       |       |       |     1 |       |       |       |       |       ||     1
         Phial of floods   |       |       |       |       |       |       |       |     1 |       ||     1
    Use: Scroll            |       |       |     1 |    16 |    16 |    15 |     4 |     4 |     4 ||    60
         Potion            |       |       |       |     6 |     1 |     5 |       |     1 |     6 ||    19
   Stab: Sleeping          |     1 |     3 |     3 |    13 |    37 |    40 |    20 |    61 |     3 ||   181
         Distracted        |       |       |       |     3 |    15 |    19 |    28 |    38 |    24 ||   127
         Paralysed         |       |       |       |     2 |     4 |     3 |       |     1 |     2 ||    12
         Invisible         |       |       |       |       |       |       |       |       |     2 ||     2
 Armour: Robe              |    37 |       |       |       |       |       |       |       |       ||    37
         Leather armour    |    21 |    52 |   201 |   510 |   510 |   451 |   335 |   337 |   274 ||  2691
  Dodge: Dodged            |    57 |    54 |   170 |   465 |   775 |   660 |   356 |   354 |   306 ||  3197
  Block: Other             |       |       |    71 |    89 |       |       |       |       |       ||   160
         Reflection        |       |       |     6 |       |       |       |       |       |       ||     6
         Buckler           |       |       |       |   260 |   371 |   338 |   222 |   128 |       ||  1319
         Kite shield       |       |       |       |       |       |       |       |   220 |   340 ||   560

Table legend: (Time is in decaauts)
 A = Elapsed time spent in this place.
 B = Non-inter-level travel time spent in this place.
 C = Inter-level travel time spent in this place.
 D = Time resting spent in this place.
 E = Time spent auto-exploring this place.
 F = Levels seen in this place.
 G = Mean time per level.
                   A        B        C        D        E       F      G
               +--------+--------+--------+--------+--------+-----+--------+
         Total |  48167 |  44377 |   3790 |   1809 |  28248 |  62 |  776.9 |
       Dungeon |  16505 |  14845 |   1660 |    842 |  10418 |  15 | 1100.3 |
        Temple |     10 |     10 |      0 |      0 |      0 |   1 |   10.0 |
          Lair |   4817 |   4223 |    594 |     71 |   2961 |   5 |  963.4 |
         Swamp |   2503 |   2338 |    165 |    145 |   1582 |   4 |  625.8 |
   Spider Nest |   2962 |   2803 |    159 |     27 |   1745 |   4 |  740.5 |
    Slime Pits |    927 |    850 |     77 |      0 |      7 |   5 |  185.4 |
  Orcish Mines |   1981 |   1857 |    124 |    200 |   1045 |   2 |  990.5 |
   Elven Halls |   2124 |   2003 |    121 |     53 |   1247 |   3 |  708.0 |
        Vaults |   7039 |   6441 |    598 |    196 |   4287 |   5 | 1407.8 |
         Crypt |   2448 |   2368 |     80 |      4 |   1453 |   3 |  816.0 |
        Depths |   4662 |   4455 |    207 |     37 |   3155 |   4 | 1165.5 |
          Hell |    527 |    527 |      0 |      0 |    182 |   1 |  527.0 |
       Gehenna |    292 |    292 |      0 |     95 |      0 |   4 |   73.0 |
         Abyss |    363 |    363 |      0 |      0 |     30 |   3 |  121.0 |
         Trove |     49 |     49 |      0 |      0 |      0 |   1 |   49.0 |
      Ice Cave |    596 |    596 |      0 |    139 |     13 |   1 |  596.0 |
      Gauntlet |    352 |    352 |      0 |      0 |    121 |   1 |  352.0 |
               +--------+--------+--------+--------+--------+-----+--------+

Top non-repeatable levels by time:
     D:7: 1665 daAuts
Vaults:4: 1592 daAuts
     D:9: 1534 daAuts
Vaults:5: 1431 daAuts
Vaults:3: 1428 daAuts
    D:10: 1396 daAuts
    D:15: 1380 daAuts
Depths:4: 1369 daAuts
Vaults:2: 1358 daAuts
    D:11: 1330 daAuts
   Orc:2: 1273 daAuts
Vaults:1: 1229 daAuts
Depths:2: 1215 daAuts
  Lair:5: 1213 daAuts
     D:5: 1172 daAuts
